 Dungeon Crawl Stone Soup version 0.16.0-11-gd45b091 (webtiles) character file.

293 maniek23 the Charmwright (level 6, -23/47 HPs)
             Began as a Vampire Skald on Mar 17, 2015.
             Was an Initiate of Dithmenos.
             Annihilated by an ogre
             ... wielding a cursed -1 giant club
              (28 damage)
             ... on level 4 of the Dungeon.
             The game lasted 00:19:55 (4092 turns).

maniek23 the Charmwright (Vampire Skald)            Turns: 4092, Time: 00:19:56

Health: -23/47     AC:  0    Str:  7    XL:     6   Next: 11%
Magic:  9/11       EV: 20    Int: 14    God:    Dithmenos [......]
Gold:   95         SH:  0    Dex: 19    Spells: 1 memorised, 8 levels left

rFire  . . .     SeeInvis +     m - melded +1 hunting sling (evade)
rCold  + . .     Clarity  .     k - melded +0 plate armour
rNeg   + + .     SustAb   .     (shield currently unavailable)
rPois  +         Gourm    .     (helmet currently unavailable)
rElec  .         Spirit   .     q - melded +0 cloak (curse)
rCorr  .         Warding  .     (gloves currently unavailable)
rMut   .         Stasis   .     (boots currently unavailable)
MR     .....                    (no amulet)
Stlth  ++........               (ring currently unavailable)
                                (ring currently unavailable)

@: bat-form, flying, regenerating slowly, very quick, not resistant to hostile
enchantments, unstealthy
A: bottle blood, (fangs 0), see invisible, (unbreathing)
a: End Transformation, Renounce Religion


You were on level 4 of the Dungeon.
You worshipped Dithmenos.
Dithmenos was noncommittal.
You were thirsty.
You were in vampire-bat-form.
You visited 1 branch of the dungeon, and saw 4 of its levels.

You collected 95 gold pieces.

Inventory:

Hand weapons
 a - a +0 short sword
 m - a +1 hunting sling of evasion (melded)
 p - a +0 dagger
 u - a +0 falchion
 w - a +1 hand axe of chopping
 z - a +0 rapier
Missiles
 f - a tomahawk of returning (quivered)
 h - 17 bolts
 n - 4 sling bullets
Armour
 b - a +0 leather armour
 j - a +0 chain mail
 k - a +0 plate armour (melded)
 o - a +0 chain mail of fire resistance
 q - a cursed +0 cloak (melded)
Scrolls
 l - a scroll of enchant armour {unknown}
 r - a scroll of amnesia {unknown}
 s - a scroll of remove curse {unknown}
 x - a scroll of identify {unknown}
 y - a scroll of enchant weapon {unknown}
Potions
 d - 23 potions of blood
 e - a potion of resistance {unknown}
 g - a potion of haste {unknown}
 i - a potion of restore abilities {unknown}
 t - a potion of curing {unknown}
 v - a potion of brilliance {unknown}
 A - a potion of berserk rage {unknown}
Books
 c - a book of Battle

   Spells                             Type                      Level
   a - Infusion                       Charms                       1
   b - Shroud of Golubria             Charms/Translocation         2
   c - Song of Slaying                Charms                       2
   d - Spectral Weapon                Hexes/Charms                 3
   e - Regeneration                   Charms/Necromancy            3


   Skills:
 + Level 3.3 Fighting
 + Level 3.2 Short Blades
 + Level 0.1 Axes
 + Level 0.2 Slings
 + Level 2.7 Armour
 + Level 2.0 Dodging
 + Level 2.4 Spellcasting
 + Level 4.1 Charms


You had 8 spell levels left.
You knew the following spells:

 Your Spells              Type           Power        Failure   Level  Hunger
a - Infusion              Chrm           ##....       14%         1    #......


Dungeon Overview and Level Annotations

Branches:
Dungeon (4/15)
 Temple: D:4-7

Altars:
Dithmenos
Elyvilon
Fedhas
Vehumet
The Shining One


Innate Abilities, Weirdness & Mutations

You heal slowly.
You can bottle blood from corpses.
((You have razor-sharp teeth.))
You have supernaturally acute eyesight.
((You can survive without breathing.))


Message History

Press: ? - help, Shift-Dir - straight line, f/p - ogre
Aim: an ogre, wielding a giant club (lightly wounded)
You shoot a sling bullet.
The sling bullet barely misses the ogre.
The ogre hits you but does no damage.
Firing (i - inventory. (,) - cycle):
n - 5 sling bullets (quivered)
Press: ? - help, Shift-Dir - straight line, f/p - ogre
Aim: an ogre, wielding a giant club (lightly wounded)
You shoot a sling bullet. The sling bullet hits the ogre.
The ogre is moderately wounded.
The ogre hits you with a giant club!!
* * * LOW HITPOINT WARNING * * *
Use which ability? (? or * to list)
You turn into a vampire bat.
Your +1 hunting sling of evasion melds into your body.
Your cursed +0 cloak melds into your body.
Your +0 plate armour melds into your body.
You feel like more of a target. The ogre hits you with a giant club!!
Ouch! That really hurt!
You die...

#.########.###....#....#(...#
#.# #.# ##...######..# # #.#
#.# #.#.....(..##.# #.# #.#
#.#(..(.......# #.#
######.####.#(#....(.####
##.# #..........(..#####..#
.o.###.###..####.### #..#
##.(........# #.# #.(#
#(###.###.## #b#######(.####
#(# #.# #.# #O#...........#
#.# #.# #.# #(#.#####..##.#.#
#(# #.# #.# #....((((.......#
#.###.###.# #...#####.###.###
#.........#####...# #.# #
#####....>........# #.#
#####.######..# #.# #..# #.#


You could see an ogre.

Vanquished Creatures
  Blork the orc (D:4)
  A hound (D:4)
  8 adders
  A shadow imp (D:3)
  A worm (D:4)
  A giant gecko (D:1)
  2 oozes
  10 orcs
  3 giant cockroaches (D:2)
  11 hobgoblins
  9 jackals
  23 bats
  A giant gecko skeleton (D:4)
  8 giant newts
  12 goblins
  8 kobolds
  11 rats
111 creatures vanquished.

Notes
Turn   | Place    | Note
--------------------------------------------------------------
     0 | D:1      | maniek23, the Vampire Skald, began the quest for the Orb.
     0 | D:1      | Reached XP level 1. HP: 16/16 MP: 3/3
   386 | D:1      | Reached XP level 2. HP: 22/22 MP: 4/4
   465 | D:1      | Reached skill level 1 in Armour
   588 | D:1      | Reached XP level 3. HP: 20/27 MP: 6/6
  1634 | D:2      | Reached XP level 4. HP: 23/34 MP: 8/8
  1895 | D:2      | Found a white marble altar of Elyvilon.
  1915 | D:2      | Reached skill level 4 in Charms
  2801 | D:3      | Reached XP level 5. HP: 40/40 MP: 9/9
  3192 | D:3      | Found a glowing golden altar of the Shining One.
  3447 | D:4      | Noticed Blork the orc
  3901 | D:4      | Found a radiant altar of Vehumet.
  3913 | D:4      | Found a blossoming altar of Fedhas.
  3919 | D:4      | Found a shadowy altar of Dithmenos.
  3925 | D:4      | Became a worshipper of Dithmenos the Shadowed
  4072 | D:4      | Noticed an ogre
  4083 | D:4      | Killed Blork the orc
  4083 | D:4      | Reached XP level 6. HP: 27/47 MP: 11/11
  4092 | D:4      | Annihilated by an ogre

Action                   |  1- 3 |  4- 6 || total
-------------------------+-------+-------++-------
Melee: Short sword       |   191 |   166 ||   357
       Rapier            |       |    43 ||    43
       Hand axe          |       |    11 ||    11
 Fire: Hunting sling     |       |    19 ||    19
 Cast: Infusion          |     1 |       ||     1
 Abil: Bat Form          |       |     2 ||     2
       End Transformatio |       |     1 ||     1
  Use: Potion            |     1 |     3 ||     4
       Scroll            |       |     1 ||     1
  Eat: Corpse            |     1 |     3 ||     4
